 Dungeon Crawl Stone Soup version 0.18.1-8-gdd0e5ea (webtiles) character file.

43485 nikopol the Impaler (level 13, -6/118 HPs)
             Began as a Minotaur Berserker on June 10, 2016.
             Was the Champion of Trog.
             Mangled by a komodo dragon (26 damage)
             ... on level 7 of the Lair of Beasts.
             The game lasted 00:53:28 (21192 turns).

nikopol the Impaler (Minotaur Berserker)           Turns: 21192, Time: 00:53:29

Health: -6/118     AC: 12    Str: 23    XL:     13   Next: 91%
Magic:  12/12      EV: 17    Int:  4    God:    Trog [******]
Gold:   1050       SH:  0    Dex: 14    Spells: 0 memorised, 12 levels left

rFire  . . .     SeeInvis .     x - +1 trident
rCold  . . .     Gourm    .     N - +0 ring mail (curse)
rNeg   . . .     Faith    .     (no shield)
rPois  .         Spirit   .     (helmet restricted)
rElec  .         Dismiss  .     r - +0 cloak
rCorr  .         Reflect  .     C - +1 pair of gloves
SustAt .         Harm     .     (no boots)
MR     +....                    (no amulet)
Stlth  +.........               P - ring of protection from magic
                                B - +3 ring of slaying

@: somewhat resistant to hostile enchantments, very unstealthy
A: retaliatory headbutt, horns 2
a: Berserk, Trog's Hand, Brothers in Arms, Burn Spellbooks, Renounce Religion


You were on level 7 of the Lair of Beasts.
You worshipped Trog.
Trog was exalted by your worship.
You were not hungry.

You visited 2 branches of the dungeon, and saw 17 of its levels.
You also visited: Ossuary.

You collected 1050 gold pieces.

Inventory:

Hand Weapons
 a - a +0 spear
 c - a +0 shortbow
 s - a +2 antimagic glaive
 v - a +1 halberd
 x - a +1 trident (weapon)
 F - a +2 antimagic halberd
Missiles
 p - 445 arrows (quivered)
Armour
 b - a +0 animal skin
 d - a +0 scale mail
 r - a +0 cloak (worn)
 C - a +1 pair of gloves (worn)
 N - a cursed +0 ring mail (worn)
Jewellery
 q - an uncursed ring of see invisible
 y - an uncursed ring of protection from cold
 B - a +3 ring of slaying (left hand)
 J - an uncursed ring of positive energy
 P - a ring of protection from magic (right hand)
 Q - an uncursed ring of stealth
Wands
 I - a wand of iceblast (6/15)
 U - a wand of disintegration (5/24)
Scrolls
 e - 2 scrolls of enchant weapon
 g - 6 scrolls of enchant armour
 k - 5 scrolls of teleportation
 l - 5 scrolls of identify
 D - 2 scrolls of remove curse
 G - a scroll of noise {unknown}
 H - 4 scrolls of blinking
 M - a scroll of fog
 O - a scroll of amnesia {unknown}
 S - a scroll of recharging {unknown}
 T - a scroll of fear
 W - a scroll of acquirement {unknown}
 Y - 3 scrolls of magic mapping {unknown}
Potions
 f - 2 potions of flight
 h - a potion of cure mutation
 j - 3 potions of haste
 m - 2 potions of heal wounds
 n - 5 potions of brilliance
 o - 3 potions of curing
 t - 2 potions of berserk rage
 u - a potion of cancellation
 w - a potion of magic
 z - a potion of ambrosia
 X - 2 potions of agility
Comestibles
 i - 4 meat rations
 A - 11 fruits
 E - 4 chunks of flesh
 K - 14 royal jellies
 L - 10 bread rations


   Skills:
 + Level 12.2 Fighting
 * Level 15.0 Polearms
 * Level 12.2 Bows
 + Level 12.6 Armour
 + Level 11.0 Dodging


You had 12 spell levels left.
You didn't know any spells.

Dungeon Overview and Level Annotations

Branches:
Dungeon (10/15)            Temple (0/1) D:7            Lair (7/8) D:9
 Shoals (0/4) Lair:5       Spider (0/4) Lair:3        Slime (0/6) Lair:6
    Orc (0/2) D:9

Altars:
Cheibriados
Dithmenos
Makhleb
Pakellas
Ru
Sif Muna
Trog
Vehumet
Xom
Yredelemnul
Beogh
Jiyva

Shops:
D:4 *   D:8 !


Innate Abilities, Weirdness & Mutations

You reflexively headbutt those who attack you in melee.
You have a pair of horns on your head.


Message History

The blink frog blinks! x2
Attack whom?
Press: ? - help, Dir - move target cursor, f - blink frog
Aim: a blink frog You reach to attack!
You hit the blink frog.
The blink frog is lightly wounded.
The rime drake breathes ice at you. The flash freeze hits you!
* * * LOW HITPOINT WARNING * * *
You are encased in ice.
You are too injured to fight recklessly!
You are too injured to fight recklessly!
You are too injured to fight recklessly!
Your stone giant goes berserk!
You feel somewhat more hungry. The blink frog hits you!
* * * LOW HITPOINT WARNING * * *
The blink frog blinks!
The ice encasing you melts away. The komodo dragon misses you.
The komodo dragon bites you!!
You die...

#.....(....... #.............
#.......$.# ## ######
##(F.....#. ##.#
#.(#.####(#...#...
.#...##....#.#.#....#.##
........§.............>.
.....Cl.......F...§.....
......F.@.k........((....
#...##...##..#..###.##(†. ...
#########.## ##(.#.. ### ...
### ####.. ##..##.# #########
#...
.#......#######.#..##.#####.##
........##....##...#.#..##.#..
.......)......................
.<.............P.#.###.##P.#..


You could see a komodo dragon, 2 blink frogs, a rime drake and a friendly stone
giant (berserk).

Vanquished Creatures
  The ghost of nikopol the Fighter, a journeyman MiBe of Trog (D:10)
  An ice dragon (Lair:6)
  5 hydras
  6 death yaks (Lair:4)
  Urug (Lair:3)
  2 fire crabs
  An elephant (Lair:5)
  2 sirens (Lair:5)
  10 black mambas
  2 centaur skeletons
  11 spiny frogs
  3 rime drakes
  A demonic crawler (Lair:3)
  11 komodo dragons
  A troll (D:10)
  A queen bee (Lair:5)
  A polar bear (Lair:2)
  2 merfolk (Lair:5)
  3 two-headed ogres
  Prince Ribbit (D:8)
  21 blink frogs
  10 yaks
  2 spriggans
  A basilisk (Lair:6)
  A wyvern (D:9)
  5 hippogriffs
  Menkaure (D:6)
  The ghost of Britaniac the Cudgeler, an amateur GrFi (D:4)
  Edmund (D:6)
  21 water moccasins
  10 porcupines
  An ice beast (D:6)
  6 orc warriors
  The ghost of rockintein the Chopper, an amateur MiBe of Trog (D:3)
  A necrophage (D:10)
  4 black bears
  9 wolves
  2 ogres
  2 phantoms
  5 centaurs
  16 crocodiles
  A big kobold (D:9)
  20 giant frogs
  4 water moccasin zombies (Ossuary)
  3 scorpions
  19 killer bees (Lair:5)
  A vampire bat (Lair:3)
  5 wights (D:6)
  7 howler monkeys
  8 crimson imps
  A quasit (D:10)
  5 jellies
  3 hounds (D:9)
  A giant frog skeleton (D:7)
  8 orc priests
  13 orc wizards
  Jessica (D:2)
  7 iguanas
  Ijyb (D:2)
  Terence (D:3)
  5 worker ants
  4 big kobold zombies (Ossuary)
  A hound skeleton (D:6)
  3 mummies
  A worker ant zombie (D:10)
  9 adders
  7 gnolls (D:6)
  64 river rats
  3 shadow imps
  3 white imps (Lair:6)
  An ooze (D:2)
  7 adder zombies
  7 worms
  2 dart slugs
  4 giant geckos
  59 orcs
  3 ball pythons
  10 giant cockroaches
  4 gnoll zombies (Ossuary)
  16 goblins
  3 hobgoblins
  22 jackals
  10 kobolds
  5 quokkas
  15 bats
  4 giant newts
  A hobgoblin zombie (Ossuary)
  2 jackal skeletons (D:5)
  A jackal zombie (D:5)
  4 kobold zombies (Ossuary)
  4 orc zombies (Ossuary)
  A quokka skeleton (D:7)
  2 rats
  3 fungi
  3 plants
589 creatures vanquished.

Vanquished Creatures (others)
  A quokka (D:2)
  14 fungi
  4 plants (Lair:6)
19 creatures vanquished.

Grand Total: 608 creatures vanquished

Notes
Turn   | Place    | Note
--------------------------------------------------------------
     0 | D:1      | nikopol the Minotaur Berserker began the quest for the Orb.
     0 | D:1      | Reached XP level 1. HP: 19/19 MP: 0/0
   224 | D:1      | Reached XP level 2. HP: 26/27 MP: 1/1
   397 | D:1      | Reached skill level 4 in Polearms
   909 | D:2      | Reached XP level 3. HP: 23/33 MP: 2/2
   959 | D:2      | Reached ** piety under Trog
  1290 | D:2      | Found a sacrificial altar of Ru.
  1296 | D:2      | Reached XP level 4. HP: 39/40 MP: 3/3
  1396 | D:2      | Noticed Ijyb
  1404 | D:2      | Killed Ijyb
  1687 | D:2      | Found an oddly glowing altar of Pakellas.
  1805 | D:2      | Noticed Jessica
  1810 | D:2      | Killed Jessica
  1810 | D:2      | Reached XP level 5. HP: 47/47 MP: 4/4
  2055 | D:3      | Found a faded altar to an unknown god.
  2186 | D:3      | Noticed rockintein's ghost (amateur MiBe)
  2194 | D:3      | Killed rockintein's ghost
  2194 | D:3      | Reached skill level 5 in Fighting
  2194 | D:3      | Reached skill level 5 in Polearms
  2337 | D:3      | Found a bloodstained altar of Trog.
  2388 | D:3      | Noticed Terence
  2394 | D:3      | Killed Terence
  2394 | D:3      | Reached XP level 6. HP: 56/56 MP: 5/5
  2416 | D:3      | Reached *** piety under Trog
  2734 | D:4      | Found a sand-covered staircase.
  2748 | Ossuary  | Entered an ossuary
  3014 | Ossuary  | Reached XP level 7. HP: 54/62 MP: 6/6
  3052 | Ossuary  | Reached skill level 5 in Armour
  3085 | Ossuary  | Reached skill level 6 in Polearms
  3330 | D:4      | Noticed Britaniac's ghost (amateur GrFi)
  3335 | D:4      | Killed Britaniac's ghost
  3577 | D:4      | Reached skill level 5 in Dodging
  3642 | D:4      | Found Onukicut's General Store.
  4035 | D:5      | Entered Level 5 of the Dungeon
  4233 | D:5      | Found a radiant altar of Vehumet.
  4360 | D:5      | Found a basalt altar of Yredelemnul.
  4648 | D:5      | Found a runed door.
  4711 | D:5      | Reached **** piety under Trog
  4736 | D:5      | Reached XP level 8. HP: 71/71 MP: 7/7
  4901 | D:5      | Found a roughly hewn altar of Beogh.
  5073 | D:5      | Reached skill level 7 in Polearms
  5191 | D:5      | Found a snail-covered altar of Cheibriados.
  5497 | D:6      | Noticed Menkaure
  5497 | D:6      | Noticed Edmund
  5512 | D:6      | Killed Edmund
  5512 | D:6      | Reached skill level 8 in Polearms
  5514 | D:6      | Killed Menkaure
  5514 | D:6      | Reached XP level 9. HP: 72/80 MP: 8/8
  5845 | D:6      | Reached skill level 1 in Bows
  5851 | D:6      | Reached ***** piety under Trog
  6360 | D:7      | Reached skill level 9 in Polearms
  6500 | D:7      | Found a shimmering altar of Xom.
  6695 | D:7      | Found a staircase to the Ecumenical Temple.
  6726 | D:7      | Received a gift from Trog
  7066 | D:8      | Noticed Prince Ribbit
  7092 | D:8      | Killed Prince Ribbit
  7314 | D:8      | You fall through a shaft for 2 floors!
  7314 | D:10     | Entered Level 10 of the Dungeon
  7319 | D:10     | Reached XP level 10. HP: 90/90 MP: 9/9
  7459 | D:10     | Noticed nikopol's ghost (journeyman MiBe)
  7487 | D:10     | Killed nikopol's ghost
  7487 | D:10     | Reached skill level 10 in Polearms
  7487 | D:10     | Reached skill level 5 in Bows
  8054 | D:9      | Found a staircase to the Lair.
  8162 | D:9      | Received a gift from Trog
  8207 | D:9      | Found a shadowy altar of Dithmenos.
  8288 | D:9      | Found a burning altar of Makhleb.
  8377 | D:9      | Reached skill level 11 in Polearms
  8825 | D:9      | Found a staircase to the Orcish Mines.
  9093 | D:9      | Received a gift from Trog
  9302 | D:9      | Reached XP level 11. HP: 87/97 MP: 10/10
  9442 | D:8      | Found Asikesuc's Distillery.
  9576 | D:8      | Found a deep blue altar of Sif Muna.
 10120 | Lair:1   | Entered Level 1 of the Lair of Beasts
 10734 | Lair:1   | Reached skill level 10 in Armour
 10743 | Lair:1   | Received a gift from Trog
 11312 | Lair:1   | Reached skill level 10 in Fighting
 11805 | Lair:2   | Reached skill level 12 in Polearms
 12074 | Lair:2   | Received a gift from Trog
 12449 | Lair:2   | Noticed a seven-headed hydra
 12458 | Lair:2   | Killed a seven-headed hydra
 12770 | Lair:2   | Noticed a four-headed hydra
 12782 | Lair:2   | Killed a four-headed hydra
 12782 | Lair:2   | Reached XP level 12. HP: 107/107 MP: 11/11
 12865 | Lair:2   | Received a gift from Trog
 13214 | Lair:3   | Found a hole to the Spider Nest.
 13779 | Lair:3   | Noticed a six-headed hydra
 13792 | Lair:3   | Killed a six-headed hydra
 13808 | Lair:3   | Received a gift from Trog
 14127 | Lair:3   | Noticed Urug
 14147 | Lair:3   | Killed Urug
 14147 | Lair:3   | Reached skill level 13 in Polearms
 14374 | Lair:3   | Reached skill level 10 in Bows
 15399 | Lair:4   | Noticed a death yak
 15418 | Lair:4   | Killed a death yak
 15418 | Lair:4   | Reached skill level 10 in Dodging
 15460 | Lair:4   | Noticed a death yak
 15460 | Lair:4   | Noticed a death yak
 15461 | Lair:4   | Noticed a death yak
 15470 | Lair:4   | Noticed a death yak
 15473 | Lair:4   | Noticed a death yak
 15474 | Lair:4   | Killed a death yak
 15479 | Lair:4   | Killed a death yak
 15486 | Lair:4   | Killed a death yak
 15495 | Lair:4   | Killed a death yak
 15500 | Lair:4   | Killed a death yak
 15716 | Lair:4   | Noticed a seven-headed hydra
 15729 | Lair:4   | Killed a seven-headed hydra
 15729 | Lair:4   | Reached skill level 14 in Polearms
 15729 | Lair:4   | Reached XP level 13. HP: 79/116 MP: 12/12
 16122 | Lair:4   | Reached ****** piety under Trog
 16122 | Lair:4   | Received a gift from Trog
 17058 | Lair:5   | Received a gift from Trog
 17075 | Lair:5   | Found a staircase to the Shoals.
 17564 | Lair:5   | Received a gift from Trog
 18616 | Lair:5   | Received a gift from Trog
 18627 | Lair:5   | Received a gift from Trog
 19687 | Lair:6   | Found a viscous altar of Jiyva.
 19689 | Lair:6   | Found a staircase to the Slime Pits.
 19986 | Lair:6   | Received a gift from Trog
 20856 | Lair:7   | Reached skill level 15 in Polearms
 20921 | Lair:7   | Found an oddly glowing altar of Pakellas.
 20937 | Lair:7   | Received a gift from Trog
 21192 | Lair:7   | Mangled by a komodo dragon

Skill      XL: |  1  2  3  4  5  6  7  8  9 10 11 12 13 |
---------------+----------------------------------------+-----
Polearms       | 4 5 6 8 9 11 12 14 15 | 15.0
Fighting       | 4 5 6 7 8 9 10 11 12 | 12.2
Armour         | 3 4 5 7 8 9 10 11 12 | 12.6
Dodging        | 3 4 5 6 7 8 9 10 11 | 11.0
Bows           | 4 6 9 11 12 | 12.2

Action                   |  1- 3 |  4- 6 |  7- 9 | 10-12 | 13-15 || total
-------------------------+-------+-------+-------+-------+-------++-------
Melee: Spear             |   108 |   201 |   140 |       |       ||   449
       Headbutt          |    11 |    43 |    83 |   136 |    77 ||   350
       Trident           |       |       |   317 |   597 |   372 ||  1286
       Shortbow          |       |       |       |     1 |       ||     1
 Fire: Shortbow          |       |       |    44 |   340 |   270 ||   654
Invok: Berserk           |       |     3 |     6 |     6 |     2 ||    17
       Burn Spellbooks   |       |       |       |     1 |       ||     1
       Brothers in Arms  |       |       |       |       |     1 ||     1
  Use: Scroll            |       |       |    11 |    11 |     2 ||    24
       Potion            |       |       |       |     1 |     2 ||     3
  Eat: Chunk             |     1 |     8 |    19 |    28 |    18 ||    74
       Pizza             |       |       |     1 |     1 |       ||     2
       Beef jerky        |       |       |       |     1 |       ||     1
       Royal jelly       |       |       |       |       |     1 ||     1
       Fruit             |       |       |       |       |     1 ||     1
Armor: Scale mail        |    28 |    54 |   108 |   161 |    63 ||   414
       Ring mail         |       |       |       |       |    14 ||    14
Dodge: Dodged            |    35 |    75 |   163 |   325 |   181 ||   779
